Map: Emerald City LE

Players

Massa - Winner!

  • Race: Terran Terran
  • League: Platinum
  • Spawn Location: 11:00

qqq - Winner!

  • Race: Zerg Zerg
  • Spawn Location: 11:00

Fellows

  • Race: Terran Terran
  • League: Diamond
  • Spawn Location: 5:00

holyu

  • Race: Terran Terran
  • League: Platinum
  • Spawn Location: 5:00

VOD

Have the link to the VOD?

Description

Time

  • Played on: March 18, 2021, 6:13 p.m.
  • Length: 41:14
Show
View Real Time Build Order
Export as new Build Order

Massa Terran - Winner!

Build Orders: Reaper Expand 

Get SALT Encoding   

  12  0:00  SCV  
  13  0:12  SCV  
  14  0:23  Supply Depot  
  14  0:24  SCV  
  15  0:45  SCV  
  15  0:46  Refinery  
  15  0:48  Barracks  
  16  0:57  SCV  
  17  1:09  SCV  
  18  1:22  SCV  
  19  1:34  Orbital Command  
  19  1:35  Reaper  
  20  1:44  Command Center  
  20  1:52  Supply Depot  
  20  2:02  SCV  
  21  2:14  Factory  
  21  2:23  Marine  
  21  2:26  Supply Depot  
  22  2:34  SCV  
  23  2:47  Barracks Reactor  
  23  3:01  Hellion  
  23  3:03  Orbital Command  
  25  3:07  SCV  
  26  3:13  Refinery  
  26  3:19  SCV  
  27  3:30  Starport  
  27  3:31  SCV x2, Barracks Tech Lab  
  33  3:34  Hellion x2  
  33  3:43  SCV x2  
  35  3:50  Engineering Bay  
  35  3:51  Stimpack  
  39  3:55  Hellion  
  39  3:56  Hellion  
  43  4:17  Hellion x2  
  43  4:19  Marine  
  43  4:21  Starport Tech Lab  
  44  4:29  Missile Turret x2  
  44  4:30  Missile Turret x2  
  44  4:37  Marine  
  47  4:38  Hellion  
  47  4:47  Hellion  
  47  4:52  Missile Turret  
  51  5:00  Hellion  
  51  5:08  Hellion  
  47  5:35  SCV x2  
  49  5:37  Raven  
  49  5:39  Widow Mine  
  53  5:46  Supply Depot x2  
  53  5:47  SCV  
  53  5:48  Supply Depot  
  53  5:49  Supply Depot  
  54  5:51  Supply Depot  
  54  6:04  Combat Shield  
  54  6:07  Marine  
  54  6:08  Widow Mine x2, SCV x2  
  60  6:13  Barracks  
  58  6:20  SCV x2  
  60  6:25  Marine  
  60  6:29  Widow Mine x2  
  60  6:32  SCV  
  51  6:43  Marine  
  52  6:50  Terran Infantry Weapons Level 1  
  52  6:51  Barracks, Hellion x2  
  52  6:54  Barracks x2  
  56  6:55  Armory  
  56  6:59  Medivac  
  58  7:01  Barracks Tech Lab  
  58  7:04  Marauder  
  60  7:25  Concussive Shells  
  60  7:26  Marauder  
  62  7:33  SCV x2  
  62  7:35  Refinery  
  62  7:36  Refinery  
  64  7:39  Command Center  
  64  7:46  Marine  
  64  7:48  Barracks Reactor, Barracks Tech Lab  
  64  7:49  Barracks Reactor, Marine x2  
  67  8:04  Marine  
  68  8:07  Marine x2  
  62  8:14  Raven  
  62  8:20  SCV x2  
  62  8:22  Marine  
  62  8:24  Siege Tank  
  62  8:25  Marine  
  62  8:26  Marauder, Marine x5  
  76  8:32  SCV x2  
  76  8:40  Marine  
  75  8:43  Marine x2  
  75  8:44  SCV  
  77  8:51  Marauder, Marine x4  
  75  8:56  Siege Tank  
  75  8:58  Marauder  
  75  9:01  Marine x2  
  82  9:03  SCV x2  
  84  9:11  Drilling Claws  
  84  9:12  Marauder  
  84  9:15  SCV x2  
  88  9:20  Marauder  
  90  9:24  Marine x4  
  90  9:25  Marine, Planetary Fortress  
  90  9:27  SCV x2  
  90  9:28  Siege Tank  
  100  9:34  Marauder  
  102  9:39  SCV, Missile Turret  
  102  9:41  Marauder  
  102  9:42  Missile Turret  
  105  9:54  Medivac  
  100  10:11  Marauder x2, Marine x2  
  100  10:12  Marine x4  
  104  10:17  SCV x3  
  107  10:22  Terran Infantry Weapons Level 2  
  107  10:23  Starport  
  107  10:26  Terran Vehicle And Ship Armor Level 1  
  107  10:28  Engineering Bay  
  107  10:29  SCV x2  
  107  10:30  Smart Servos  
  109  10:37  SCV, Marauder, Sensor Tower  
  109  10:39  Marauder  
  109  10:41  SCV  
  109  11:03  Marauder  
  94  11:36  Medivac  
  94  11:39  Starport Reactor  
  96  11:40  Terran Infantry Armor Level 1  
  96  11:42  SCV x3  
  99  11:49  Refinery  
  99  11:50  Marauder x2, Marine x5  
  99  11:51  Refinery, Marine  
  109  12:00  Supply Depot  
  109  12:03  Supply Depot x2  
  109  12:05  Supply Depot  
  109  12:06  Supply Depot x3  
  109  12:08  Supply Depot  
  109  12:10  Supply Depot  
  109  12:22  SCV, Marauder x2, Marine x3  
  117  12:24  SCV, Marine x2, Medivac, Siege Tank  
  117  12:26  Missile Turret, Supply Depot  
  125  12:40  Command Center  
  125  12:44  Marauder  
  127  12:50  Missile Turret  
  127  12:51  Medivac x2  
  127  12:55  Marauder, Marine x6  
  127  12:56  Siege Tank  
  144  13:02  Banshee  
  144  13:05  Marauder  
  147  13:12  Marine  
  142  13:15  Missile Turret  
  142  13:16  Marauder  
  140  13:21  Viking x2  
  144  13:29  Siege Tank  
  144  13:30  Marauder, Marine x2  
  151  13:37  Marauder  
  153  13:45  Viking  
  155  13:51  Marauder  
  157  13:59  Marauder  
  157  14:01  Siege Tank  
  158  14:33  Siege Tank  
  92  14:53  Marauder x2, Marine  
  92  14:54  Marine x5  
  92  14:56  Medivac x2  
  92  14:57  Medivac  
  92  14:58  Orbital Command  
  92  14:59  SCV  
  105  15:00  SCV x2  
  105  15:05  Siege Tank  
  109  15:11  Marine x4  
  109  15:12  SCV x3  
  109  15:13  Factory  
  116  15:14  Marauder x2  
  116  15:16  Command Center  
  120  15:22  Sensor Tower  
  120  15:26  Viking, Medivac  
  120  15:27  Viking  
  126  15:36  Marauder  
  126  15:37  Siege Tank  
  131  15:44  Sensor Tower  
  131  15:53  Marauder, Marine  
  131  15:54  Marine x5  
  131  15:56  Viking  
  143  15:57  Marauder  
  132  16:11  Marine  
  132  16:12  Marine x5  
  132  16:13  Siege Tank  
  132  16:14  Marauder, Factory Reactor  
  145  16:18  Marauder  
  145  16:21  Terran Infantry Weapons Level 3  
  145  16:24  Raven  
  145  16:25  Medivac  
  149  16:26  Medivac  
  149  16:29  Marine x6  
  155  16:33  Terran Vehicle And Ship Armor Level 2  
  155  16:36  Marauder  
  158  16:40  Marauder  
  158  16:45  Siege Tank  
  160  16:55  Medivac  
  158  17:07  Raven  
  155  17:10  SCV x2  
  155  17:11  SCV x2  
  159  17:17  Siege Tank  
  159  17:22  SCV, Command Center  
  163  17:23  SCV x2  
  159  17:34  Medivac x2  
  163  17:50  Raven  
  132  18:09  Marauder x2, Marine x3  
  139  18:22  Siege Tank  
  139  18:23  Widow Mine x2  
  132  18:30  Marauder x2  
  122  18:35  Marine x6  
  126  18:44  Widow Mine, Barracks, Planetary Fortress  
  128  18:48  Refinery  
  128  18:49  Refinery, Barracks  
  128  18:50  Barracks  
  128  18:51  Marauder  
  128  18:52  Marauder, Marine  
  128  18:53  Marine x5  
  128  18:54  Siege Tank  
  141  19:00  Viking x2  
  141  19:01  Viking  
  143  19:10  Marine  
  143  19:11  Marine x4  
  143  19:13  Marauder  
  136  19:27  Siege Tank  
  136  19:29  Marauder, Marine x4  
  136  19:30  Viking x2  
  147  19:34  Marauder  
  147  19:38  Barracks Reactor, Barracks Tech Lab x2  
  143  19:41  Widow Mine x2  
  143  19:48  Refinery  
  143  19:49  Refinery  
  143  19:50  Marauder  
  143  19:56  Marauder  
  145  20:03  Widow Mine x2  
  149  20:08  Siege Tank  
  152  20:24  Widow Mine  
  141  20:37  Marauder x4  
  141  20:38  Marine  
  141  20:40  Siege Tank  
  122  20:58  Widow Mine x2, Marauder x2  
  122  20:59  Marauder x2  
  134  21:12  Siege Tank  
  137  21:19  Widow Mine  
  137  21:20  Marauder  
  137  21:23  Command Center  
  141  21:30  Marauder x2, Marine  
  141  21:31  Marine x3  
  144  22:35  Marauder x4, Marine x3  
  151  22:56  Marauder  
  97  23:32  Terran Infantry Armor Level 2  
  97  23:44  Raven  
  97  23:45  Viking x2  
  103  24:06  Widow Mine x2  
  103  24:08  Marauder x3, Marine x3  
  116  24:12  Command Center  
  116  24:15  Viking x2  
  120  24:21  Marauder, Marine x2  
  120  24:22  Marine  
  125  24:27  Raven  
  125  24:28  Widow Mine  
  125  24:29  Marauder x2  
  131  25:16  Liberator x3  
  140  25:26  Marauder x3  
  144  25:56  Siege Tank  
  147  25:58  Liberator  
  147  25:59  Liberator x2  
  146  26:28  Siege Tank  
  135  27:58  SCV x3  
  138  28:10  SCV  
  139  29:06  Planetary Fortress  
  122  29:46  Marauder x3  
  122  29:47  Marauder, Marine x4  
  122  29:50  Viking x3  
  138  30:08  Marauder  
  138  30:09  Siege Tank  
  140  30:26  Widow Mine x2  
  140  30:27  Marauder x3, Marine x3  
  153  30:29  Marauder  
  155  30:41  Siege Tank  
  158  30:48  Marauder x2  
  162  30:53  Fusion Core  
  162  31:13  Siege Tank  
  133  32:03  Marine x3  
  133  32:04  Marine x6  
  139  32:39  Advanced Ballistics  
  128  33:06  Orbital Command  
  105  33:41  Marauder x3  
  108  33:42  Marine x4  
  108  33:43  Marine  
  108  33:44  Siege Tank  
  108  33:45  Widow Mine  
  108  33:56  Widow Mine  
  108  34:02  Marauder x2  
  108  34:03  Marauder  
  106  34:16  Siege Tank  
  104  34:24  Marauder  
  84  34:46  SCV x3  
  84  34:48  Siege Tank  
  90  34:58  SCV x2  
  53  35:10  Marauder, Marine  
  53  35:11  Marauder, Marine x4  
  47  35:22  Liberator x2  
  47  35:23  Liberator  
  56  35:32  Marauder x2  
  60  35:51  Marine  
  60  35:52  Marine x6  
  60  35:53  Marauder x2  
  69  36:05  Raven, Viking x2  
  69  36:09  Marine x2  
  77  36:14  Marauder  
  76  36:35  Viking  
  78  36:44  Marauder, Marine  
  78  36:45  Marauder, Marine x4  
  87  36:48  Raven  
  87  37:06  Marauder x2, Command Center  
  85  37:28  Command Center  
  85  38:05  Siege Tank  
  85  38:37  Siege Tank  
  88  38:44  Orbital Command  
  88  38:46  Orbital Command  
  88  38:49  SCV  
  89  39:01  SCV  
  90  39:11  SCV  
  90  39:13  SCV  
  90  39:14  Orbital Command  
  92  39:23  SCV  
  93  39:25  SCV  
  89  39:35  SCV  
  89  39:37  SCV  
  85  39:47  SCV  
  86  40:01  SCV x3, Sensor Tower  
  89  40:13  SCV x3  
  92  40:25  SCV  
  93  40:33  Sensor Tower  
Show
View Real Time Build Order
Export as new Build Order

qqq Zerg - Winner!

Build Orders: Hatch First, Lurkers 

Get SALT Encoding   

  12  0:00  Drone  
  13  0:10  Drone  
  14  0:18  Overlord  
  14  0:48  Hatchery  
  13  1:00  Drone  
  13  1:01  Drone x2  
  16  1:13  Drone  
  17  1:20  Spawning Pool  
  17  1:23  Extractor  
  15  1:38  Drone x2  
  17  2:14  Drone  
  17  2:16  Drone  
  17  2:17  Queen x2  
  17  2:19  Zergling x4  
  17  2:20  Drone  
  17  2:22  Zergling x2  
  26  2:37  Drone, Metabolic Boost  
  26  2:39  Drone  
  26  2:44  Overlord  
  28  2:45  Overlord  
  28  3:03  Zergling x6  
  31  3:07  Zergling x2  
  32  3:29  Lair  
  32  3:30  Drone x2, Zergling x2  
  32  3:31  Zergling x8  
  32  3:32  Zergling x2  
  32  3:33  Zergling x2  
  41  3:43  Overlord  
  41  3:44  Zergling x4  
  40  4:23  Drone x2, Zergling x4  
  40  4:24  Drone x2  
  38  4:40  Zergling x4  
  38  4:41  Drone x2  
  41  4:49  Drone  
  42  4:56  Extractor, Hydralisk Den  
  39  5:08  Drone x3  
  39  5:10  Drone  
  43  5:22  Drone x2  
  43  5:23  Drone x3  
  43  5:24  Drone  
  49  5:31  Evolution Chamber  
  49  5:33  Evolution Chamber  
  49  5:35  Hatchery  
  46  5:38  Lurker Den  
  46  5:42  Hatchery  
  44  5:49  Hydralisk x3, Zergling x2  
  43  5:50  Hydralisk  
  49  6:03  Zergling x4  
  51  6:04  Overlord  
  51  6:14  Extractor  
  51  6:15  Extractor  
  51  6:17  Zerg Missile Weapons Level 1  
  49  6:26  Hydralisk x2  
  49  6:28  Overlord x2  
  53  6:44  Hydralisk x2  
  57  6:47  Drone  
  57  6:48  Drone, Zergling x8  
  63  6:55  Queen  
  63  6:58  Queen  
  67  7:09  Grooved Spines  
  67  7:10  Zerg Ground Armor Level 1  
  67  7:12  Hydralisk  
  67  7:14  Overlord  
  69  7:20  Drone x2  
  71  7:24  Drone x2  
  73  7:32  Lurker x2  
  75  7:40  Infestation Pit  
  59  8:10  Lurker x2  
  59  8:11  Hydralisk x3  
  59  8:12  Drone x4  
  71  8:13  Drone x3  
  71  8:14  Overlord  
  74  8:20  Spine Crawler  
  56  8:49  Hydralisk x7  
  56  8:50  Zergling x2  
  56  8:51  Zergling x2  
  56  8:53  Zergling x2  
  73  9:01  Hydralisk x2  
  77  9:03  Zergling x2  
  77  9:07  Queen  
  80  9:25  Drone x5  
  80  9:26  Drone x5  
  80  9:29  Zergling x2  
  91  9:33  Zerg Melee Weapons Level 1  
  89  9:50  Hydralisk x2  
  89  9:51  Hydralisk x4  
  91  9:54  Lurker  
  91  9:56  Lurker x2  
  94  10:07  Hydralisk  
  94  10:08  Overlord x2  
  94  10:09  Overlord  
  96  10:19  Hive  
  96  10:22  Overlord x3  
  96  10:30  Drone x3  
  96  10:31  Zergling x4  
  94  11:02  Zergling x2  
  94  11:03  Hydralisk x4, Zergling x4  
  94  11:04  Zergling x8  
  108  11:13  Zergling x6  
  108  11:14  Zergling x10  
  108  11:16  Overlord x3  
  115  11:20  Spore Crawler  
  107  11:38  Drone x5  
  107  11:39  Drone x2  
  114  11:40  Hydralisk  
  114  11:41  Drone x2  
  114  11:42  Drone x2  
  114  11:44  Extractor  
  120  11:47  Lurker  
  120  11:49  Seismic Spines  
  120  11:51  Zerg Missile Weapons Level 2  
  120  11:52  Zerg Ground Armor Level 2  
  120  12:01  Overlord x3  
  120  12:18  Overlord x5  
  120  12:22  Hydralisk x3  
  120  12:26  Lurker x2  
  121  12:45  Drone x2  
  121  12:46  Drone x4, Adaptive Talons  
  127  12:57  Ultralisk Cavern  
  109  13:25  Zergling x12  
  109  13:26  Zergling x6  
  107  13:34  Extractor  
  75  13:55  Ultralisk x2  
  75  13:56  Zergling x2, Ultralisk x2  
  75  13:57  Zergling x2  
  88  14:12  Anabolic Synthesis  
  88  14:13  Zergling x2  
  88  14:14  Zergling x2  
  88  14:15  Overlord x4  
  90  14:30  Hatchery  
  89  14:32  Overlord x6  
  89  14:40  Drone  
  89  14:41  Drone  
  89  14:52  Hatchery  
  84  15:00  Ultralisk x4  
  108  15:11  Viper  
  108  15:13  Drone, Zergling x4  
  108  15:14  Drone x2  
  116  15:36  Spire  
  115  15:43  Hydralisk  
  115  15:45  Zergling x6, Ultralisk  
  115  15:46  Zergling x4  
  126  15:55  Zergling x8  
  111  16:09  Ultralisk x2  
  111  16:10  Zergling x2  
  91  16:26  Drone x4, Ultralisk  
  91  16:27  Drone x2  
  103  16:33  Spore Crawler  
  103  16:35  Spine Crawler  
  101  16:41  Zerg Melee Weapons Level 2  
  101  16:54  Corruptor  
  101  16:55  Corruptor x2  
  107  17:01  Overlord  
  107  17:02  Drone  
  107  17:03  Drone x5  
  91  17:34  Spine Crawler  
  91  17:36  Spine Crawler  
  86  17:37  Spine Crawler  
  86  17:51  Ultralisk x2  
  86  17:52  Drone, Zergling x8  
  86  17:53  Drone x7  
  98  18:00  Extractor x2  
  98  18:03  Drone  
  98  18:04  Queen  
  85  18:49  Ultralisk, Corruptor x3  
  85  18:50  Drone x2  
  85  18:51  Drone x3  
  92  19:04  Drone x3  
  95  19:15  Zergling x4  
  95  19:16  Zergling x8  
  101  19:17  Drone, Zergling x4  
  101  19:18  Drone x3  
  85  19:28  Drone x5  
  90  19:34  Drone  
  90  19:35  Drone  
  92  19:39  Queen  
  90  19:46  Ultralisk  
  90  19:47  Hydralisk  
  96  19:56  Ultralisk  
  96  19:57  Drone  
  103  20:06  Hydralisk x3  
  109  20:07  Hydralisk  
  107  20:17  Hydralisk, Ultralisk  
  109  20:30  Hydralisk x3, Zergling x6  
  109  20:33  Lurker x4  
  109  20:34  Lurker  
  117  20:35  Zergling x2  
  117  20:36  Zergling x2  
  117  20:41  Drone x4  
  123  20:47  Hydralisk x2  
  127  20:52  Zerg Ground Armor Level 3  
  126  21:21  Hydralisk x5  
  126  21:22  Corruptor x4  
  109  21:47  Hydralisk x5  
  109  21:48  Zergling x6  
  109  21:49  Drone x4, Zergling x4  
  109  21:51  Extractor  
  109  21:52  Extractor  
  126  22:02  Hatchery  
  126  22:03  Lurker  
  126  22:04  Lurker  
  127  22:28  Lurker x2  
  127  22:29  Zergling x4  
  132  22:30  Zergling x6  
  132  22:32  Overlord x2  
  132  22:33  Overlord x8  
  134  23:01  Ultralisk x2  
  134  23:23  Ultralisk  
  135  23:32  Lurker x2  
  133  23:45  Zerg Missile Weapons Level 3  
  133  23:52  Extractor  
  133  23:53  Extractor  
  106  24:26  Drone  
  100  24:45  Drone  
  100  24:48  Spine Crawler  
  100  24:49  Spine Crawler  
  99  24:56  Spine Crawler  
  99  24:57  Spine Crawler  
  97  25:04  Ultralisk  
  97  25:05  Ultralisk x5  
  133  25:11  Lurker  
  133  25:12  Zergling x8  
  133  25:13  Drone x4, Zergling x4  
  145  25:14  Zergling x4  
  118  25:41  Corruptor x2  
  118  25:42  Zergling x12  
  117  25:43  Zergling x2  
  108  25:57  Zergling x6  
  108  25:58  Drone x3, Zergling x8  
  108  25:59  Zergling x8  
  119  26:06  Ultralisk  
  119  26:08  Ultralisk  
  119  26:11  Zergling x4, Ultralisk  
  137  26:12  Zergling x2  
  140  26:30  Ultralisk x3  
  139  26:53  Zergling x6, Ultralisk x2  
  139  26:54  Zergling x14  
  137  27:00  Zergling x4  
  137  27:01  Zergling x8  
  122  27:11  Zergling x2  
  122  27:12  Zergling x6  
  119  27:16  Drone x5  
  120  27:23  Spine Crawler  
  120  27:28  Zergling x10  
  120  27:29  Zergling x4  
  116  27:36  Zergling x4  
  77  27:51  Zergling x4  
  77  27:52  Zergling x4  
  79  28:03  Zergling x8  
  79  28:04  Ultralisk  
  79  28:05  Zergling x4, Ultralisk  
  77  28:24  Ultralisk  
  74  28:40  Hydralisk x3  
  74  28:41  Hydralisk x3  
  85  29:03  Zergling x4  
  85  29:04  Drone x3, Zergling x6  
  93  29:21  Hydralisk x4  
  95  29:35  Hydralisk x2  
  95  29:36  Hydralisk x2  
  95  29:37  Zergling x6, Ultralisk  
  99  29:42  Lurker x3  
  99  29:44  Lurker  
  103  29:57  Zergling x2  
  103  29:58  Zergling x4  
  97  30:14  Zergling x2, Ultralisk x2  
  101  30:15  Drone  
  101  30:41  Swarm Host x3  
  101  30:42  Swarm Host x2  
  122  30:51  Overseer  
  122  30:55  Hydralisk x2  
  132  30:59  Lurker x2  
  132  31:02  Hydralisk  
  136  31:46  Burrow  
  136  32:03  Hydralisk, Ultralisk x4  
  136  32:04  Hydralisk  
  136  32:05  Zergling x2  
  136  32:06  Zergling x6  
  136  32:07  Zergling x2  
  166  32:50  Overseer  
  166  33:03  Hydralisk x3  
  166  33:04  Zergling x6  
  166  33:05  Ultralisk x2  
  186  33:42  Ultralisk x2  
  186  33:43  Zergling x4  
  185  34:16  Hatchery  
  177  34:20  Hydralisk x6  
  177  34:24  Overseer  
  183  34:26  Overseer  
  177  34:33  Hydralisk x3  
  174  34:45  Corruptor x2  
  178  35:01  Hydralisk x2  
  178  35:02  Hydralisk  
  184  35:17  Lurker  
  185  35:35  Spore Crawler  
  185  35:37  Spore Crawler  
  185  35:38  Spore Crawler  
  185  35:39  Spore Crawler  
  175  36:15  Lurker x2  
  170  37:14  Hatchery  
  169  37:16  Spore Crawler  
  169  37:17  Spore Crawler  
  125  37:55  Spore Crawler  
  125  37:56  Spore Crawler  
  125  37:58  Drone x5  
  124  37:59  Drone x4  
  130  38:54  Corruptor x3  
  130  38:55  Corruptor  
  136  39:00  Greater Spire  
  138  39:20  Hatchery  
  124  40:21  Swarm Host x4  
  124  40:22  Swarm Host  
  124  40:23  Corruptor x2  
  124  40:24  Corruptor x2  
Show
View Real Time Build Order
Export as new Build Order

Fellows Terran 

Build Orders:  

Get SALT Encoding   

  12  0:00  SCV  
  13  0:12  SCV  
  14  0:18  Supply Depot  
  14  0:24  SCV  
  15  0:30  Refinery  
  15  0:40  SCV  
  16  0:46  Barracks  
  16  0:52  SCV  
  17  1:04  SCV  
  18  1:16  SCV  
  19  1:28  SCV  
  19  1:42  SCV  
  20  1:55  Command Center  
  20  1:57  Barracks Reactor  
  20  1:58  Factory  
  19  2:07  Orbital Command  
  19  2:35  Command Center  
  19  2:49  Supply Depot  
  19  2:50  Hellion  
  21  2:55  Hellion  
  23  3:01  Refinery  
  23  3:08  Barracks Reactor  
  23  3:11  SCV  
  24  3:16  Starport  
  24  3:23  SCV  
  25  3:33  Orbital Command  
  25  3:35  SCV  
  25  3:40  Hellion  
  28  3:46  Hellion  
  30  3:50  SCV  
  32  4:00  Orbital Command  
  31  4:08  Factory  
  30  4:21  Hellion  
  32  4:25  SCV  
  32  4:26  SCV  
  34  4:40  Hellion  
  34  4:42  Hellion  
  30  4:47  Viking  
  30  4:48  Marine  
  33  4:53  Factory Tech Lab  
  33  5:01  Viking  
  35  5:21  Siege Tank  
  36  5:30  Viking  
  38  5:42  Hellion x2  
  42  5:53  Hellion  
  42  5:55  Orbital Command  
  40  6:03  Hellion x2  
  44  6:14  SCV x2, Siege Tank  
  49  6:29  SCV x2  
  49  6:30  SCV  
  52  6:46  Siege Tank  
  55  7:08  Viking x2  
  55  7:09  Hellion  
  61  7:22  Supply Depot  
  61  7:23  Supply Depot x2  
  61  7:24  Refinery  
  61  7:25  Refinery  
  61  7:37  Supply Depot  
  61  7:38  Supply Depot  
  61  7:44  SCV x2, Hellion, Siege Tank  
  61  7:45  Hellion  
  59  8:14  Hellion x2  
  59  8:16  Siege Tank  
  59  8:19  SCV x3  
  69  8:31  SCV x3  
  71  8:35  Hellion  
  71  8:43  SCV x2  
  71  8:47  Viking x2  
  74  8:48  Siege Tank  
  74  8:51  SCV  
  74  8:55  SCV x2  
  77  8:56  Engineering Bay  
  77  9:03  SCV, Armory  
  77  9:04  Armory  
  77  9:07  SCV x2  
  80  9:15  SCV  
  81  9:19  SCV, Viking  
  81  9:20  Viking, Siege Tank  
  89  9:32  Command Center  
  71  9:49  Viking  
  71  9:50  Viking  
  72  9:55  Siege Tank  
  72  10:15  Factory, Terran Vehicle Weapons Level 1  
  72  10:16  Factory x2  
  72  10:19  Terran Vehicle And Ship Armor Level 1  
  72  10:27  Siege Tank  
  75  10:44  Viking x2  
  79  10:56  Hellion x2  
  83  10:57  SCV x3  
  83  10:59  Siege Tank  
  82  11:09  SCV  
  83  11:18  Hellion  
  85  11:27  Factory Tech Lab  
  85  11:31  Siege Tank  
  78  11:34  Factory Tech Lab  
  78  11:36  Factory Tech Lab  
  78  11:37  Hellion  
  78  11:39  Hellion  
  78  11:49  Missile Turret  
  78  11:50  Missile Turret  
  78  11:52  Missile Turret  
  78  11:53  Missile Turret  
  78  11:54  Missile Turret  
  78  11:55  Missile Turret  
  78  11:58  Hellion  
  78  11:59  Planetary Fortress  
  78  12:00  Hellion  
  82  12:01  SCV  
  82  12:03  Siege Tank  
  82  12:05  Refinery  
  82  12:06  Refinery  
  82  12:07  Missile Turret x2  
  82  12:08  Missile Turret  
  86  12:09  Missile Turret  
  86  12:10  Missile Turret  
  86  12:13  Medivac x2  
  90  12:18  Infernal Pre-Igniter  
  90  12:19  Smart Servos  
  90  12:20  Drilling Claws  
  90  12:23  SCV x3  
  93  12:35  SCV x3  
  95  12:39  Hi-Sec Auto Tracking  
  95  12:42  SCV  
  95  12:43  Siege Tank  
  99  12:47  SCV x3  
  99  12:48  Medivac x2  
  99  12:49  Siege Tank  
  109  12:54  SCV  
  110  12:59  SCV  
  101  13:25  Medivac x2  
  101  13:26  Siege Tank x2  
  113  13:27  Hellion x2  
  113  13:28  SCV  
  113  13:31  Supply Depot  
  113  13:33  Supply Depot x2  
  116  13:36  Neosteel Armor  
  116  13:37  SCV x2  
  116  13:38  Hellion  
  116  13:39  Hellion  
  116  13:53  SCV, Hellion x2  
  121  13:56  Medivac  
  121  13:57  Medivac  
  121  13:59  Siege Tank  
  121  14:01  Hellion x3  
  134  14:14  Hellion x2  
  138  14:22  Hellion  
  140  14:33  Viking  
  140  14:38  Viking, Siege Tank  
  140  14:39  Siege Tank  
  140  14:45  Siege Tank  
  132  14:55  Siege Tank  
  133  15:00  Hellion x2  
  137  15:07  SCV x3  
  140  15:21  Supply Depot  
  140  15:22  Supply Depot x2  
  140  15:24  Command Center  
  140  15:43  Terran Vehicle And Ship Armor Level 2, Terran Vehicle Weapons Level 2, Hellion x4, Siege Tank x2  
  134  16:00  Refinery  
  134  16:03  Refinery  
  123  16:04  Hellion x2  
  123  16:05  Hellion x2  
  123  16:10  Viking x2  
  130  16:15  Siege Tank x2  
  136  16:25  Siege Tank  
  136  16:26  Hellion x2, Siege Tank  
  136  16:28  SCV x4  
  150  16:38  Supply Depot  
  150  16:39  Supply Depot  
  150  16:48  Hellion x3  
  150  16:53  Planetary Fortress  
  159  16:59  Siege Tank x2  
  165  17:09  Hellion x3  
  171  17:18  Siege Tank  
  167  17:31  Viking x2  
  155  17:48  Thor x3  
  155  17:49  Hellion x2  
  155  17:51  Hellion  
  173  18:01  Viking x2  
  169  18:31  Terran Vehicle And Ship Armor Level 3, Terran Vehicle Weapons Level 3, Viking x2  
  166  18:38  Thor  
  161  18:44  Command Center  
  161  18:52  Hellion x3  
  161  18:53  Hellion  
  169  18:58  Hellion  
  169  19:01  Viking x2, Supply Depot  
  173  19:13  Hellion  
  147  19:25  Supply Depot  
  165  19:31  Viking  
  145  19:35  Viking  
  145  19:36  Siege Tank x2  
  145  19:37  Siege Tank  
  156  19:56  Command Center  
  156  19:59  Planetary Fortress  
  138  20:29  Siege Tank x3  
  138  20:30  Siege Tank  
  98  21:01  Siege Tank x2  
  98  21:02  Siege Tank  
  107  21:07  Missile Turret  
  107  21:08  Missile Turret  
  107  21:13  Hellion  
  107  21:20  Refinery x2  
  107  21:25  Siege Tank  
  93  21:39  Siege Tank  
  99  21:40  Siege Tank x2  
  95  21:56  Hellion  
  95  21:57  Hellion, Thor  
  99  22:10  Viking  
  99  22:11  Thor  
  99  22:13  SCV  
  99  22:15  SCV  
  109  22:21  Viking  
  111  22:28  Planetary Fortress  
  111  22:29  SCV  
  113  22:30  SCV  
  113  22:31  SCV  
  114  22:40  Viking  
  116  22:46  Starport  
  116  22:48  SCV x2  
  116  22:49  Hellion  
  114  23:24  Hellion x6  
  126  23:33  Missile Turret  
  126  23:39  SCV x3  
  129  23:44  Missile Turret  
  129  23:45  Hellion x4, Missile Turret  
  129  23:46  Hellion x2  
  138  24:08  Hellion x2  
  140  24:20  Hellion  
  140  24:21  Hellion x3  
  148  24:29  Hellion  
  140  24:41  Hellion, Siege Tank  
  140  24:42  Siege Tank x3  
  154  24:51  Hellion  
  156  24:54  SCV  
  156  24:55  SCV x3  
  160  25:02  Hellion  
  162  25:08  Medivac x2  
  162  25:13  Thor  
  162  25:14  Siege Tank x2  
  170  25:25  Hellion x3  
  156  25:46  Hellion x4, Siege Tank  
  161  25:57  Siege Tank  
  156  26:07  Siege Tank x2  
  162  26:11  SCV x2  
  162  26:12  SCV x2  
  166  26:18  Siege Tank  
  169  26:29  Siege Tank  
  172  26:39  Siege Tank x2  
  178  26:40  Command Center  
  178  26:50  Siege Tank  
  178  26:52  Hellion  
  168  27:01  Missile Turret, Siege Tank  
  168  27:03  Missile Turret  
  168  27:07  Hellion, Missile Turret  
  170  27:11  Siege Tank  
  170  27:12  Hellion  
  131  27:38  Siege Tank x3  
  131  27:43  Siege Tank  
  127  27:53  Hellion x2  
  123  28:09  Planetary Fortress  
  123  28:10  Hellion, Siege Tank x2  
  131  28:15  Hellion x2  
  138  28:23  Missile Turret  
  138  28:32  Hellion  
  140  28:36  Starport Tech Lab, Hellion x2  
  140  28:40  Starport  
  144  28:48  Terran Ship Weapons Level 1  
  141  28:52  Hellion x4  
  141  28:53  SCV x2, Hellion  
  141  28:54  SCV  
  154  29:03  Refinery x2  
  154  29:13  Missile Turret, Siege Tank  
  154  29:14  Banshee x2, Missile Turret  
  163  29:17  Starport Tech Lab  
  163  29:20  Cloaking Field  
  163  29:32  Missile Turret  
  163  29:34  Missile Turret  
  161  29:46  Banshee  
  161  29:49  Hyperflight Rotors  
  164  29:57  Banshee x2  
  148  30:29  Banshee, Siege Tank x3  
  160  30:40  Banshee x2  
  160  31:01  Siege Tank  
  163  31:04  Siege Tank  
  163  31:05  Siege Tank  
  169  31:12  Banshee  
  172  31:23  Banshee x2  
  160  31:55  Banshee  
  160  32:01  Missile Turret  
  160  32:02  Refinery, Hellion x5  
  160  32:03  Hellion x2  
  160  32:06  Banshee x2  
  166  32:20  Missile Turret  
  166  32:21  Missile Turret  
  166  32:23  Hellion x2  
  166  32:24  Hellion  
  166  32:26  Missile Turret x2  
  172  32:30  Missile Turret  
  172  32:38  Banshee  
  172  32:48  Banshee  
  172  32:49  Banshee  
  173  32:59  Hellion x2  
  173  33:10  Missile Turret x2  
  171  33:20  Banshee  
  174  33:31  Banshee x2  
  174  33:34  Missile Turret  
  170  33:38  Missile Turret  
  146  34:03  Banshee  
  144  34:14  Banshee x2  
  137  34:44  Hellion  
  139  34:46  Banshee  
  142  34:57  Banshee x2  
  148  35:54  Siege Tank  
  148  35:55  Siege Tank x2  
  77  39:12  Siege Tank x3  
Show
View Real Time Build Order
Export as new Build Order

holyu Terran 

Build Orders:  

Get SALT Encoding   

  12  0:00  SCV  
  13  0:13  SCV  
  14  0:20  Supply Depot  
  14  0:25  SCV  
  15  0:42  SCV  
  16  0:44  Barracks  
  16  0:47  Refinery  
  16  0:54  SCV  
  17  1:04  Barracks  
  17  1:07  SCV  
  18  1:22  SCV  
  19  1:32  Reaper  
  20  1:37  Orbital Command  
  20  1:47  Supply Depot  
  20  1:52  Reaper  
  21  2:03  Bunker  
  21  2:07  Reaper  
  22  2:10  SCV  
  22  2:22  SCV  
  23  2:32  Reaper  
  23  2:34  SCV  
  25  2:38  Barracks  
  25  2:46  SCV  
  26  2:54  Reaper  
  28  2:58  SCV  
  28  3:00  Command Center  
  28  3:01  Refinery  
  28  3:04  Reaper  
  29  3:10  SCV, Barracks  
  27  3:22  SCV  
  27  3:26  Reaper  
  29  3:29  Barracks Tech Lab  
  29  3:41  Reaper  
  30  3:42  SCV  
  28  4:27  Orbital Command  
  28  4:31  Barracks Reactor x3  
  27  4:35  Marine  
  27  4:36  SCV  
  28  4:40  Marine  
  29  4:49  SCV  
  30  4:53  Marine  
  30  4:58  Marine  
  32  5:01  SCV  
  33  5:09  Marine x2  
  33  5:10  Marine x3  
  36  5:14  Orbital Command  
  36  5:16  Supply Depot  
  34  5:30  Marine  
  34  5:31  Marine x5  
  34  5:32  SCV  
  41  5:38  Orbital Command  
  41  5:44  SCV  
  41  5:48  Marine x2  
  41  5:49  Marine x4  
  47  5:57  SCV  
  39  6:06  Marine x5  
  39  6:07  Marine  
  44  6:15  SCV  
  44  6:16  SCV  
  45  6:24  Marine x2  
  39  6:27  Stimpack  
  39  6:28  SCV x2, Engineering Bay  
  39  6:29  Engineering Bay  
  40  6:40  SCV  
  40  6:41  Marine x2  
  40  6:42  Marine  
  40  6:43  SCV  
  45  6:52  SCV, Marine x2  
  48  6:54  Factory  
  48  6:55  SCV  
  48  6:59  Marine x3  
  51  7:04  SCV  
  51  7:07  SCV  
  53  7:16  SCV  
  54  7:34  SCV x2, Marine x5  
  54  7:36  Factory  
  61  7:41  Refinery x2  
  61  7:45  Engineering Bay  
  61  7:46  SCV, Engineering Bay  
  62  7:52  SCV, Marine  
  62  7:58  SCV  
  62  8:07  SCV  
  62  8:10  SCV  
  62  8:23  Supply Depot  
  62  8:25  Terran Infantry Armor Level 1, Terran Infantry Weapons Level 1  
  62  8:38  SCV  
  62  8:39  SCV, Marine x2  
  62  8:42  Marine x2  
  62  8:43  Marine  
  58  8:59  Marine x2  
  58  9:00  Marine  
  56  9:04  Factory Tech Lab x2, SCV  
  56  9:05  SCV  
  58  9:15  Command Center  
  58  9:24  Barracks  
  58  9:25  Marine, Siege Tank x2  
  58  9:26  Barracks x2, Marine x4  
  58  9:27  Barracks  
  58  9:28  Barracks  
  58  9:30  Hi-Sec Auto Tracking, Armory  
  58  9:31  Neosteel Armor  
  67  9:43  Marine x2  
  67  9:44  Marine  
  67  10:04  Marine  
  67  10:05  Marine x4  
  69  10:17  Barracks Reactor x2  
  69  10:22  Marine  
  69  10:25  Refinery  
  69  10:27  Refinery, Marine x4, Siege Tank x2  
  80  10:29  Starport  
  80  10:30  Supply Depot  
  80  10:31  Supply Depot  
  80  10:33  Supply Depot x2  
  80  10:34  Terran Vehicle Weapons Level 1  
  80  10:36  Planetary Fortress  
  80  10:40  Marine  
  81  10:44  Marine x3  
  63  11:19  Marine x5  
  63  11:20  Marine x4  
  63  11:21  Siege Tank  
  63  11:22  Siege Tank  
  78  11:37  Marine x6  
  78  11:39  Marauder  
  86  11:41  Starport Reactor  
  86  11:44  SCV  
  86  11:45  SCV x2  
  89  11:49  Terran Infantry Armor Level 2, Terran Infantry Weapons Level 2  
  89  11:53  Siege Tank  
  89  11:54  Siege Tank  
  95  11:56  Barracks Reactor x3, SCV  
  95  12:00  Marauder  
  95  12:01  Supply Depot x2  
  98  12:02  Marine x2, Supply Depot  
  98  12:03  Marine x6, Supply Depot  
  98  12:04  Supply Depot  
  98  12:06  Supply Depot  
  106  12:20  Marine x2  
  108  12:26  Marine  
  108  12:27  Marine x5  
  114  12:31  Command Center  
  113  12:49  Command Center  
  104  13:36  Marine  
  104  13:37  Marine x8  
  104  13:38  Siege Tank x2  
  104  13:39  Medivac x2  
  115  13:54  Marine x2  
  95  14:07  Marine  
  95  14:08  Marine x6  
  95  14:09  SCV x3  
  93  14:12  Marine x2  
  92  14:21  SCV x2  
  92  14:22  Siege Tank  
  92  14:23  Siege Tank  
  94  14:24  Medivac x2  
  94  14:25  SCV, Marine x6  
  94  14:26  Marine  
  106  14:33  SCV x2  
  106  14:37  SCV  
  93  14:45  SCV  
  90  14:56  Marine  
  90  14:57  Marine x6  
  90  14:58  Marine x2  
  90  14:59  Siege Tank x2  
  105  15:00  Medivac x2  
  109  15:07  SCV x2  
  109  15:08  SCV  
  109  15:09  Planetary Fortress  
  112  15:14  Marine x2  
  112  15:15  Marine  
  112  15:19  SCV x2  
  112  15:20  SCV  
  118  15:23  Missile Turret  
  118  15:26  Missile Turret  
  118  15:28  Missile Turret  
  118  15:32  Marine x9  
  118  15:34  Siege Tank x2  
  118  15:35  SCV, Medivac x2  
  138  15:48  Ghost Academy  
  138  15:49  Marine  
  138  15:50  Marine x2  
  120  16:29  Marine  
  120  16:30  Marine x8  
  120  16:31  Siege Tank  
  120  16:32  Siege Tank  
  126  16:47  Marine x2  
  126  16:48  Marine x7  
  126  16:49  Terran Infantry Weapons Level 3, Terran Infantry Armor Level 3  
  132  17:05  Marine  
  120  17:25  Command Center  
  115  17:32  Marine x4  
  119  17:38  Siege Tank  
  119  17:39  Liberator, Siege Tank  
  119  17:40  Marine x3, Liberator  
  119  17:41  Marine x2  
  119  17:42  SCV x4  
  137  17:54  SCV x2  
  113  18:36  Ghost  
  113  18:37  Marine x5  
  113  18:38  Marine x2  
  121  19:04  Ghost  
  123  19:19  Barracks x2  
  123  19:20  Barracks  
  122  19:33  Ghost  
  122  19:35  Siege Tank x2  
  127  20:01  Ghost  
  129  20:21  Command Center  
  129  20:35  Barracks Tech Lab x2  
  129  20:36  Barracks Tech Lab  
  129  20:39  Planetary Fortress  
  129  20:49  Refinery x2  
  129  20:51  Ghost  
  129  20:53  Marine x9  
  129  20:55  Siege Tank x2  
  129  20:56  Medivac x2  
  150  20:59  Refinery  
  150  21:00  SCV x3  
  150  21:01  Refinery  
  150  21:20  Ghost  
  127  21:48  Marine  
  127  21:49  Marine x8  
  127  21:51  Ghost x3  
  127  21:53  Medivac x2, Siege Tank x2  
  146  22:02  Missile Turret x2  
  146  22:03  Missile Turret  
  146  22:09  Marine x4  
  146  22:10  Marine x4  
  146  22:11  Ghost  
  156  22:19  Ghost x2  
  156  22:20  Ghost  
  162  22:23  Medivac  
  164  22:39  Ghost  
  166  22:48  Ghost  
  150  23:17  Personal Cloaking  
  148  23:25  Ghost x4  
  147  23:53  Ghost  
  147  23:54  Ghost  
  150  24:29  Ghost x4  
  154  25:22  Command Center  
  154  25:52  Missile Turret  
  154  25:54  Missile Turret  
  154  25:56  Missile Turret  
  154  26:10  Viking x2  
  158  26:11  Marine x2  
  158  26:12  Marine x2  
  158  26:18  Missile Turret  
  162  26:20  Missile Turret  
  162  26:21  Missile Turret  
  89  27:30  Marine x4  
  89  27:31  Ghost x4, Marine  
  89  27:33  Siege Tank x2  
  89  27:35  Medivac x2  
  109  27:40  Nuke  
  108  27:54  SCV x3  
  111  27:59  Ghost  
  111  28:00  Marine x3, Ghost x3  
  111  28:01  Marine x5  
  127  28:05  Siege Tank  
  127  28:06  Medivac, Siege Tank  
  127  28:09  Medivac  
  137  28:18  Marine x3  
  137  28:19  Marine x5  
  145  28:28  Marine  
  145  28:29  Marine x3  
  146  28:36  Marine x3  
  146  28:37  Marine x3  
  82  29:44  Marine  
  82  29:45  Marine x11  
  94  30:02  Marine  
  94  30:03  Marine x11  
  106  30:20  Marine  
  106  30:21  Marine x11  
  117  30:32  Widow Mine x2  
  117  30:33  Viking  
  117  30:34  Viking  
  125  30:38  Marine x3  
  125  30:39  Marine x2  
  130  31:10  Ghost x4  
  138  31:38  Ghost  
  128  31:47  Marine x10  
  102  31:48  Marine  
  87  32:04  Marine  
  87  32:05  Marine x10  
  87  32:06  Siege Tank x2  
  87  32:07  Marine, Medivac x2  
  109  32:13  Nuke  
  109  32:22  Marine  
  109  32:23  Marine x10  
  96  33:28  Marine x10  
  96  33:29  Marine x2  
  108  33:45  Marine  
  108  33:46  Marine x3  
  105  33:58  Marine x4  
  101  34:03  Marine  
  61  35:26  Ghost  
  62  36:34  Orbital Command  
  62  36:42  Marine x3  
  12  37:47  Orbital Command, Ghost  
Tags
 
Add a new tag
Caveats
  • Supply blocks, unpowered buildings, or Contaminate may cause inaccurate times.
  • Supply counts are checked every 10 seconds.